 Dungeon Crawl Stone Soup version 0.29.1-13-g9f3cf754e1 (webtiles) character file.

Game seed: 10548187576451567338

565 Rikuski the Skirmisher (level 7, -2/75 HPs)
             Began as a Gnoll Hunter on Feb 4, 2023.
             Slain by Duvessa
             ... wielding a +0 rapier
              (6 damage)
             ... on level 5 of the Dungeon.
             The game lasted 00:19:06 (4531 turns).

Rikuski the Skirmisher (Gnoll Hunter)               Turns: 4531, Time: 00:19:07

Health: -2/75      AC: 23    Str:  8 (10) XL:     7   Next: 32%
Magic:  10/10      EV:  2    Int:  5 (8)  God:
Gold:   144        SH:  0    Dex: 16 (18) Spells: 11/11 levels left

rFire   . . .      SeeInvis .   a - +0 shortbow
rCold   . . .      Faith    .   (shield currently unavailable)
rNeg    . . .      Spirit   .   (body armour currently unavailable)
rPois   +          Reflect  .   (helmet currently unavailable)
rElec   .          Harm     .   (cloak currently unavailable)
rCorr   .          Rampage  .   (gloves currently unavailable)
Will    +....      NoTele   +   (boots currently unavailable)
Stlth   ++........              (no amulet)
HPRegen 0.22/turn               r - +4 ring of slaying
MPRegen 0.12/turn               v - ring of willpower

@: brilliant, tree-form, studying Dodging
A: stationary, stasis, torment immunity, boosted hp, (fangs 1), strong nose,
distributed training, frail 1
a: no special abilities


You were on level 5 of the Dungeon.
You were a tree.
You visited 1 branch of the dungeon, and saw 5 of its levels.

You collected 144 gold pieces.

Inventory:

Hand Weapons
 a - a +0 shortbow (weapon)
 D - a +2 dagger of draining
Armour
 c - a +0 leather armour
 g - a +0 pair of boots (melded)
 i - a +0 ring mail
 q - a +0 chain mail of cold resistance (melded)
 A - the +0 pair of gloves "Xemob" {*Slow Will+++ Str+6 Dex-5}
   (You found it on level 3 of the Dungeon)

   Str:       It affects your strength (+6).
   Dex:       It affects your dexterity (-5).
   *Slow:     It may slow you when you take damage.
   Will:      It greatly increases your willpower.
 C - an orb of wrath
Magical Staves
 l - a staff of conjuration
 J - a staff of conjuration
Jewellery
 r - a +4 ring of slaying (left branch)
 v - a ring of willpower (right branch)
 z - a ring of positive energy
Wands
 I - a wand of flame (24)
Scrolls
 b - 2 scrolls of immolation
 d - a scroll of noise
 e - a scroll of amnesia {unknown}
 f - a scroll of brand weapon {unknown}
 k - a scroll of poison {unknown}
 w - 2 scrolls of magic mapping {unknown}
 x - a scroll of acquirement {unknown}
 y - 2 scrolls of butterflies {unknown}
 B - 2 scrolls of teleportation {unknown}
 E - a scroll of summoning {unknown}
 F - a scroll of silence {unknown}
Potions
 h - a potion of ambrosia {unknown}
 j - a potion of brilliance
 m - 3 potions of attraction
 n - 2 potions of flight {unknown}
 p - 2 potions of mutation
 u - a potion of haste {unknown}
 G - a potion of lignification
 H - a potion of heal wounds {unknown}


   Skills:
 + Level 5.2 Fighting
 + Level 2.5 Short Blades
 + Level 2.5 Long Blades
 + Level 2.5 Axes
 + Level 2.5 Maces & Flails
 + Level 2.5 Polearms
 + Level 2.5 Staves
 + Level 8.9 Ranged Weapons
 + Level 2.5 Throwing
 + Level 2.5 Armour
 + Level 6.0 Dodging
 + Level 3.5 Stealth
 + Level 2.5 Shields
 + Level 2.5 Unarmed Combat
 + Level 2.5 Spellcasting
 + Level 2.0 Conjurations
 + Level 2.0 Hexes
 + Level 2.0 Summonings
 + Level 2.0 Necromancy
 + Level 2.0 Translocations
 + Level 2.0 Transmutations
 + Level 2.0 Fire Magic
 + Level 2.0 Ice Magic
 + Level 2.0 Air Magic
 + Level 2.0 Earth Magic
 + Level 2.0 Poison Magic
 + Level 2.8 Invocations
 + Level 2.5 Evocations


You had 11 spell levels left.
You didn't know any spells.
Your spell library contained the following spells:

 Spells                   Type           Power      Damage    Failure   Level
 Poisonous Vapours        Pois/Air       8%         N/A       26%         2
 Ozocubu's Armour         Ice            4%         N/A       47%         3
 Lee's Rapid Deconstruct  Erth           2%         3d5*      99%         5
 Ozocubu's Refrigeration  Ice            2%         4d7       100%        7


Dungeon Overview and Level Annotations

Branches:
Dungeon (5/15)
 Temple: D:4-7

Altars:
Cheibriados

Annotations:
D:5 Dowan, Duvessa, Pikel


Innate Abilities, Weirdness & Mutations

You are a tree.
Your roots penetrate the ground, keeping you stationary.
You cannot be teleported.
You are immune to unholy pain and torment.
Your maximum health is greatly increased.
Your equipment is partially melded.
((You have very sharp teeth.))
Your uncanny sense of smell can sniff out nearby items.
Your experience applies equally to all skills.
You are frail. (-10% HP)


Message History

Dowan hits you but does no damage. Duvessa hits you but does no damage.
You shoot an arrow. The arrow hits Duvessa!
Duvessa is severely wounded.
Duvessa hits you but does no damage. Dowan hits you but does no damage.
You shoot an arrow.
The arrow hits Duvessa but does no damage.
Duvessa is severely wounded.
Dowan hits you but does no damage.
You are electrocuted!
Duvessa hits you but does no damage.
You closely miss Duvessa.
Duvessa is severely wounded.
Dowan hits you but does no damage.
You are electrocuted!
* * * LOW HITPOINT WARNING * * *
Duvessa hits you but does no damage. Dowan hits you but does no damage.
Duvessa says, "When magic and the sword combine, nothing stands against them."
Duvessa hits you with a +0 rapier.
* * * LOW HITPOINT WARNING * * *
It was a potion of brilliance.
You feel clever all of a sudden. Duvessa hits you but does no damage.
Dowan hits you with a +3 dagger of electrocution.
* * * LOW HITPOINT WARNING * * *
You cannot move.
You clumsily bash Duvessa but do no damage.
Duvessa is severely wounded.
Dowan hits you but does no damage. Duvessa hits you with a +0 rapier!
* * * LOW HITPOINT WARNING * * *
You barely miss Duvessa.
Duvessa is severely wounded.
Dowan gestures at Duvessa while chanting.
Duvessa seems to speed up.
Duvessa hits you with a +0 rapier.
* * * LOW HITPOINT WARNING * * *
Dowan says, "Magic and the sword, together, will defeat you."
Dowan hits you but does no damage. Duvessa hits you with a +0 rapier.
* * * LOW HITPOINT WARNING * * *
It was a potion of degeneration.
There was something very wrong with that liquid.
You feel weakened.
You feel dopey.
You feel clumsy. Duvessa hits you with a +0 rapier.
You die...

#######'####..................
#.# ##..............[...
##########)###...................
.................................
#.##########.....................
#.# #<..[......................
..# ######.....................
.## ##...e................
.#############..♣e...............
#[.........####..................
...........'.....................
#......)...######...............)
############ ##............)..
##.............. ##.............
##...........# ##.....[...##


You could see Duvessa (fast) and Dowan.

Vanquished Creatures
  An ice beast (D:5)
  A lemure (D:4)
  A phantom (D:4)
  2 scorpions
  A howler monkey (D:5)
  A jelly (D:5)
  An iron imp (D:4)
  2 orc wizards (D:5)
  5 adders
  A worm (D:4)
  5 dart slugs
  4 orcs
  13 endoplasms
  A giant cockroach (D:4)
  2 goblins (D:1)
  8 hobgoblins
  6 jackals
  6 kobolds
  5 quokkas
  9 ball pythons
  4 bats
  4 frilled lizards
  A rat (D:2)
84 creatures vanquished.

Vanquished Creatures (others)
  3 plants (D:2)
3 creatures vanquished.

Grand Total: 87 creatures vanquished

Notes
Turn   | Place    | Note
-------+----------+-------------------------------------------
     0 | D:1      | Rikuski the Gnoll Hunter began the quest for the Orb.
     0 | D:1      | Reached XP level 1. HP: 20/20 MP: 1/1
   118 | D:1      | Reached XP level 2. HP: 26/26 MP: 2/2
   728 | D:1      | Reached XP level 3. HP: 31/31 MP: 3/3
   914 | D:2      | Reached skill level 1 in Invocations
   982 | D:2      | Reached skill level 1 in Short Blades
   982 | D:2      | Reached skill level 1 in Long Blades
   982 | D:2      | Reached skill level 1 in Axes
   982 | D:2      | Reached skill level 1 in Maces & Flails
   982 | D:2      | Reached skill level 1 in Polearms
   982 | D:2      | Reached skill level 1 in Staves
   982 | D:2      | Reached skill level 1 in Throwing
   982 | D:2      | Reached skill level 1 in Armour
   982 | D:2      | Reached skill level 1 in Shields
   982 | D:2      | Reached skill level 1 in Unarmed Combat
   982 | D:2      | Reached skill level 1 in Spellcasting
   982 | D:2      | Reached skill level 1 in Evocations
  1017 | D:2      | Reached XP level 4. HP: 34/38 MP: 5/5
  1055 | D:2      | Found a faded altar of an unknown god.
  1653 | D:3      | Identified the +0 pair of gloves "Xemob" {*Slow Will+++
                  | Str+6 Dex-5}
  1763 | D:3      | Reached skill level 1 in Conjurations
  1763 | D:3      | Reached skill level 1 in Hexes
  1763 | D:3      | Reached skill level 1 in Summonings
  1763 | D:3      | Reached skill level 1 in Necromancy
  1763 | D:3      | Reached skill level 1 in Translocations
  1763 | D:3      | Reached skill level 1 in Transmutations
  1763 | D:3      | Reached skill level 1 in Fire Magic
  1763 | D:3      | Reached skill level 1 in Ice Magic
  1763 | D:3      | Reached skill level 1 in Air Magic
  1763 | D:3      | Reached skill level 1 in Earth Magic
  1763 | D:3      | Reached skill level 1 in Poison Magic
  2048 | D:4      | Reached skill level 5 in Dodging
  2094 | D:4      | Got the Opusculum on Electric Terra Firma
  2163 | D:4      | Noticed a scorpion
  2171 | D:4      | Killed a scorpion
  2172 | D:4      | Reached XP level 5. HP: 28/43 MP: 5/7
  2735 | D:4      | Found a snail-covered altar of Cheibriados.
  3081 | D:4      | Noticed a phantom
  3089 | D:4      | Killed a phantom
  3090 | D:4      | Reached skill level 5 in Fighting
  3090 | D:4      | Reached XP level 6. HP: 45/51 MP: 7/9
  3297 | D:5      | Entered Level 5 of the Dungeon
  3389 | D:5      | Reached XP level 7. HP: 44/56 MP: 10/10
  4193 | D:5      | Noticed Pikel
  4509 | D:5      | Noticed Duvessa
  4513 | D:5      | Noticed Dowan
  4518 | D:5      | Gained mutation: You are frail. (-10% HP) [potion of
                  | mutation]
  4531 | D:5      | Slain by Duvessa

Illustrated notes

Levels and vault maps discovered:
D:1:      dpeg_arrival_boxes_within_box, layout_basic, minmay_split_cup_small
D:2:      layout_basic, shapermc_ecumenical_altar_mp_ritualfount, dk_vineyard_3
D:3:      layout_loops_ring, amcnicky_mini_corridor_feature
D:4:      layout_loops_corners, chei_slow_surprise
D:5:      layout_basic, minmay_temple_entry_poolview, gup_sewer_entry_bowl,
          uniq_duvessa, uniq_pikel

Skill      XL: |  1  2  3  4  5  6  7 |
---------------+----------------------+-----
Invocations    | 1 2 |  2.8
Short Blades   | 1 2 |  2.5
Long Blades    | 1 2 |  2.5
Axes           | 1 2 |  2.5
Maces & Flails | 1 2 |  2.5
Polearms       | 1 2 |  2.5
Staves         | 1 2 |  2.5
Throwing       | 1 2 |  2.5
Armour         | 1 2 |  2.5
Shields        | 1 2 |  2.5
Unarmed Combat | 1 2 |  2.5
Spellcasting   | 1 2 |  2.5
Evocations     | 1 2 |  2.5
Conjurations   | 1 2 |  2.0
Hexes          | 1 2 |  2.0
Summonings     | 1 2 |  2.0
Necromancy     | 1 2 |  2.0
Translocations | 1 2 |  2.0
Transmutations | 1 2 |  2.0
Fire Magic     | 1 2 |  2.0
Ice Magic      | 1 2 |  2.0
Air Magic      | 1 2 |  2.0
Earth Magic    | 1 2 |  2.0
Poison Magic   | 1 2 |  2.0
Dodging        | 5 6 |  6.0
Fighting       | 5 |  5.2
Stealth        | 3 |  3.5
Ranged Weapons | |  8.9

Action                   |  1- 3 |  4- 6 |  7- 9 || total
-------------------------+-------+-------+-------++-------
Melee: Shortbow          |     1 |       |    25 ||    26
       Bite              |       |       |     3 ||     3
 Fire: Shortbow          |    81 |    95 |    44 ||   220
  Use: Scroll            |       |     3 |     3 ||     6
       Potion            |       |       |     7 ||     7
Armor: Ring mail         |    12 |     6 |    18 ||    36
       Leather armour    |     1 |       |       ||     1
       Chain mail        |       |       |    30 ||    30
       Skin              |       |       |    12 ||    12
Dodge: Dodged            |    16 |    18 |    19 ||    53
